 Dungeon Crawl Stone Soup version 0.22.1-1-ga44c0e5 (webtiles) character file.

609 Folque the Slinger (level 7, 0/46 HPs)
             Began as a Halfling Hunter on Sept 24, 2018.
             Slain by Pikel
             ... wielding a +2 whip of flaming
              (1 damage)
             ... on level 5 of the Dungeon.
             The game lasted 00:18:16 (5039 turns).

Folque the Slinger (Halfling Hunter)                Turns: 5039, Time: 00:18:17

Health: 0/46       AC:  4    Str: 13    XL:     7   Next: 71%
Magic:  7/7        EV: 16    Int:  9    God:
Gold:   172        SH:  0    Dex: 17    Spells: 6/6 levels left

rFire    . . .     SeeInvis .   q - +0 rapier
rCold    . . .     Gourm    .   (shield restricted)
rNeg     . . .     Faith    .   c - +1 leather armour
rPois    .         Spirit   .   (no helmet)
rElec    .         Reflect  .   (no cloak)
rCorr    .         Harm     .   (no gloves)
MR       .....                  (no boots)
Stlth    ++........             (no amulet)
HPRegen  0.15/turn              (no ring)
MPRegen  0.10/turn              (no ring)

@: no status effects
A: small, mutation resistance 1
a: no special abilities


You were on level 5 of the Dungeon.
You were not hungry.

You visited 1 branch of the dungeon, and saw 5 of its levels.

You collected 172 gold pieces.

Inventory:

Hand Weapons
 b - a +0 short sword
 q - a +0 rapier (weapon)
 w - a +2 hunting sling
Missiles
 a - 76 sling bullets
 e - 78 stones (quivered)
 l - a throwing net
Armour
 c - a +1 leather armour (worn)
 x - a +0 leather armour of fire resistance
Magical Staves
 i - an uncursed staff of air {unknown}
Jewellery
 t - an uncursed ring of fire
 D - a +3 ring of strength {unknown}
Wands
 u - a wand of disintegration (9)
 v - a wand of scattershot (6)
Scrolls
 h - a scroll of random uselessness
 j - a scroll of fear {unknown}
 m - a scroll of magic mapping {unknown}
 o - a scroll of fog {unknown}
 s - 2 scrolls of teleportation {unknown}
 y - a scroll of noise {unknown}
 A - 3 scrolls of remove curse {unknown}
 B - a scroll of enchant armour
 C - a scroll of amnesia {unknown}
Potions
 d - a potion of cancellation {unknown}
 g - a potion of mutation {unknown}
 k - 2 potions of curing
 n - a potion of lignification {unknown}
 p - 3 potions of flight {unknown}
 r - a potion of degeneration {unknown}
 E - a potion of experience {unknown}
Comestibles
 f - 7 rations
 z - 4 chunks of flesh


   Skills:
 - Level 3.0 Fighting
 - Level 3.0 Short Blades
 - Level 9.0 Slings
 + Level 3.8 Armour
 * Level 3.6 Dodging
 - Level 1.1 Stealth


You had 6 spell levels left.
You didn't know any spells.
Your spell library was empty.

Dungeon Overview and Level Annotations

Branches:
Dungeon (5/15)
 Temple: D:4-7

Altars:
Cheibriados
Elyvilon
Gozag
Kikubaaqudgha
Okawaru
Qazlal
Ru
Sif Muna
Trog
Uskayaw
Xom

Annotations:
D:5 Edmund, Pikel


Innate Abilities, Weirdness & Mutations

You are small and have problems with some larger weapons.
You are somewhat resistant to further mutation.


Message History

* * * LOW HITPOINT WARNING * * *
Pikel burns you.
* * * LOW HITPOINT WARNING * * *
It was a potion of curing.
You feel better. Pikel hits you with a whip of flaming!
* * * LOW HITPOINT WARNING * * *
Pikel burns you.
* * * LOW HITPOINT WARNING * * *
You hit Pikel.
Pikel is almost dead.
Pikel hits you with a whip of flaming.
* * * LOW HITPOINT WARNING * * *
Pikel burns you.
* * * LOW HITPOINT WARNING * * *
Your leather armour prevents you from hitting Pikel.
Pikel is almost dead.
Pikel hits you with a whip of flaming.
* * * LOW HITPOINT WARNING * * *
Pikel burns you.
You die...

#..##.....## ..
#..#.......#...
#..#.......#...
#......_....p..
#..#......(#...
#..#.....(.#...
.. #
#..##...(.## ..
.(.#
#$.####.####..
...#
#..@Kpp..(.....
....
#####p.........
....
#.........#
....
#.........#
....
###########
.... .... ....
.... ...


You could see Pikel and 3 slaves.

Vanquished Creatures
  A centaur (D:5)
  A wyvern zombie (D:5)
  A scorpion (D:4)
  A howler monkey (D:5)
  A crimson imp (D:5)
  2 hounds (D:4)
  2 orc wizards (D:3)
  An iguana (D:5)
  A worker ant (D:5)
  9 adders
  2 oozes
  3 worms
  A dart slug (D:2)
  4 leopard geckos
  3 orcs (D:3)
  2 ball pythons
  2 giant cockroaches
  9 goblins
  10 hobgoblins
  8 jackals
  3 quokkas
  4 bats
  5 frilled lizards
  6 kobolds
  A quokka skeleton (D:4)
  9 rats
92 creatures vanquished.

Notes
Turn   | Place    | Note
-------+----------+-------------------------------------------
     0 | D:1      | Folque the Halfling Hunter began the quest for the Orb.
     0 | D:1      | Reached XP level 1. HP: 14/14 MP: 1/1
   180 | D:1      | Reached skill level 6 in Slings
   180 | D:1      | Reached XP level 2. HP: 5/19 MP: 2/2
   858 | D:1      | Reached XP level 3. HP: 24/25 MP: 3/3
  1840 | D:2      | Reached XP level 4. HP: 26/31 MP: 4/4
  1950 | D:2      | Found a hide-covered altar of Uskayaw.
  2305 | D:2      | Reached skill level 7 in Slings
  2872 | D:3      | Reached XP level 5. HP: 33/36 MP: 5/5
  2945 | D:3      | Found a sacrificial altar of Ru.
  2952 | D:3      | Found a deep blue altar of Sif Muna.
  2952 | D:3      | Found a shimmering altar of Xom.
  2952 | D:3      | Found a stormy altar of Qazlal.
  2954 | D:3      | Found a white marble altar of Elyvilon.
  2955 | D:3      | Found a bloodstained altar of Trog.
  2956 | D:3      | Found an iron altar of Okawaru.
  3535 | D:3      | Reached skill level 1 in Armour
  3543 | D:3      | Reached skill level 8 in Slings
  3543 | D:3      | Reached XP level 6. HP: 19/42 MP: 6/6
  3871 | D:4      | Found an ancient bone altar of Kikubaaqudgha.
  4147 | D:4      | Found an opulent altar of Gozag.
  4164 | D:4      | Reached skill level 1 in Short Blades
  4613 | D:5      | Entered Level 5 of the Dungeon
  4674 | D:5      | Reached XP level 7. HP: 33/46 MP: 7/7
  4728 | D:5      | Noticed Edmund
  4799 | D:4      | Reached skill level 9 in Slings
  5002 | D:5      | Found a snail-covered altar of Cheibriados.
  5015 | D:5      | Noticed Pikel
  5039 | D:5      | HP: 1/46 [Pikel/whip of flaming (3)]
  5039 | D:5      | Slain by Pikel

Skill      XL: |  1  2  3  4  5  6  7 |
---------------+----------------------+-----
Fighting       | 2 3 |  3.0
Slings         | 6 7 8 9 |  9.0
Dodging        | 3 |  3.6
Armour         | 1 3 |  3.8
Short Blades   | 2 3 |  3.0
Stealth        | |  1.1

Action                   |  1- 3 |  4- 6 |  7- 9 || total
-------------------------+-------+-------+-------++-------
Melee: Short sword       |    96 |   135 |     3 ||   234
       Rapier            |       |    25 |    19 ||    44
 Fire: Hunting sling     |    21 |   103 |    36 ||   160
  Use: Scroll            |     3 |     4 |       ||     7
       Potion            |       |       |     1 ||     1
 Stab: Sleeping          |     3 |     5 |       ||     8
  Eat: Chunk             |     3 |     9 |     1 ||    13
Armor: Leather armour    |    29 |    39 |     8 ||    76
Dodge: Dodged            |    97 |   122 |    29 ||   248
